 Dungeon Crawl Stone Soup version 0.30-a0-371-gad7725a93e (webtiles) character file.

Game seed: 18228953533780342303

174 Shayle the Chopper (level 5, 0/35 (49) HPs)
             Began as a Naga Reaver on Nov 21, 2022.
             Slain by a wight
             ... wielding a +0 dire flail
              (5 damage)
             ... on level 4 of the Dungeon.
             The game lasted 00:07:27 (2944 turns).

Shayle the Chopper (Naga Reaver)                    Turns: 2944, Time: 00:07:32

HP:   0/35 (49)     AC:  6    Str: 15    XL:     5   Next: 54%
MP:   7/8           EV:  9    Int: 15    God:
Gold: 187           SH:  0    Dex:  9    Spells: 7/8 levels left

rFire   . . .      SeeInvis +    a - +1 hand axe
rCold   . . .      Faith    .    (no shield)
rNeg    . . .      Spirit   .    b - +1 leather armour
rPois   +          Reflect  .    (no helmet)
rElec   .          Harm     .    (no cloak)
rCorr   .          Rampage  .    l - +1 pair of gloves
Will    .....                    (no barding)
Stlth   +.........               (no amulet)
HPRegen 0.25/turn                (no ring)
MPRegen 0.11/turn                (no ring)

@: very heavily drained, very slow
A: AC +1, large, see invisible, deformed body, poison resistance, slowness 2,
spit poison 1, naga tail 1
a: Spit Poison


You were on level 4 of the Dungeon.
You visited 1 branch of the dungeon, and saw 4 of its levels.

You collected 187 gold pieces.

Inventory:

Hand Weapons
 a - a +1 hand axe (weapon)
Armour
 b - a +1 leather armour (worn)
 l - a +1 pair of gloves (worn)
Wands
 i - a wand of mindburst (13)
Scrolls
 e - a scroll of enchant weapon
 f - a scroll of silence
 g - a scroll of identify
Potions
 d - a potion of haste


   Skills:
 + Level 3.5 Fighting
 + Level 4.2 Axes
 + Level 2.9 Dodging
 - Level 2.0 Spellcasting
 - Level 3.0 Conjurations


You had 7 spell levels left.
You knew the following spells:

 Your Spells              Type           Power      Damage    Failure   Level
a - Kiss of Death         Conj/Necr      24%        2d7       14%         1

Your spell library contained the following spells:

 Spells                   Type           Power      Damage    Failure   Level
 Momentum Strike          Conj/Tloc      12%        3d8       22%         2
 Hailstorm                Conj/Ice       6%         3d4       41%         3


Dungeon Overview and Level Annotations

Branches:
Dungeon (4/15)
 Temple: D:4-7

Altars:
Gozag
Hepliaklqana
Makhleb
Okawaru
Sif Muna

Annotations:
D:3 1 runed translucent door, purpskrrrp's ghost, amateur DsFi


Innate Abilities, Weirdness & Mutations

Your serpentine skin is tough. (AC +1)
You have supernaturally acute eyesight. (SInv)
Armour fits poorly on your strangely shaped body.
Your system is resistant to poisons. (rPois)
You cover ground very slowly.
You can spit poison.
You have a snake-like lower body.


Message History

* * * LOW HITPOINT WARNING * * *
Okay, then.
Okay, then.
Aiming: Quicksilver Bolt
Press: ? - help, Shift-Dir - straight line, f - wight, p - wight
Aim: a wight, wielding a +5 spear of freezing and wearing a +0 robe (severely damaged, 71% to hit)
The bolt of dispelling energy hits the wight!
The wight is heavily damaged.
The bolt of dispelling energy misses the wight.
The now-empty wand crumbles to dust.
The wight barely misses you. The adder barely misses you.
Casting: Kiss of Death (safe; 14% risk of failure)
Confirm with . or Enter, or press ? or * to list all spells.
Aiming: Kiss of Death (safe; 14% risk of failure)
Press: ? - help, Shift-Dir - straight line, f - wight
Aim: a wight, wielding a +0 dire flail and wearing a +0 robe (heavily damaged, 100% to hit)
The negative energy hits the wight.
The wight completely resists.
The wight is heavily damaged.
You feel drained. The adder bites you.
* * * LOW HITPOINT WARNING * * *
The wight hits you but does no damage. The adder bites you but does no damage.
Okay, then.
You feel better.
The wight hits you with a +0 dire flail!
* * * LOW HITPOINT WARNING * * *
The adder bites you but does no damage.
Aiming: Mindburst
Press: ? - help, Shift-Dir - straight line, f - adder, p - wight
Aim: an adder (chance to affect: 72%)
The adder struggles to resist.
The wight hits you but does no damage. The adder bites you.
* * * LOW HITPOINT WARNING * * *
Unknown command.
Aiming: Mindburst
Press: ? - help, Shift-Dir - straight line, f/p - adder
Aim: an adder (chance to affect: 72%)
The adder's mind is blasted!
You blow up the adder!
The wight hits you with a +0 dire flail.
You die...

## #...≈≈ ≈≈# #
#...≈#####≈# #.
#...≈#≈≈≈#≈# +####.
##.##...≈#≈_≈#≈###......
........≈#≈.≈#≈..z.z.#
##......≈##.##≈.@#...# .
#...≈≈≈.≈≈≈..# ..... #
#............# .... #.
###.≈≈≈.≈≈≈..# ...
#.#+###.≈##.##≈..# ..
....(...≈#≈.≈#≈### .
........≈#≈_≈#≈#
........≈#≈≈≈#≈#
...<....≈#####≈#


You could see 2 wights.

Vanquished Creatures
  2 vampire bats (D:3)
  4 adders
  2 dart slugs (D:1)
  6 orcs (D:3)
  9 bats
  5 endoplasms
  5 giant cockroaches
  5 goblins
  4 hobgoblins
  2 quokkas (D:2)
  3 ball pythons
  3 frilled lizards
  6 kobolds
  6 rats
  A spectral hobgoblin (D:3)
63 creatures vanquished.

Vanquished Creatures (others)
  4 plants (D:3)
4 creatures vanquished.

Grand Total: 67 creatures vanquished

Notes
Turn   | Place    | Note
-------+----------+-------------------------------------------
     0 | D:1      | Shayle the Naga Reaver began the quest for the Orb.
     0 | D:1      | Reached XP level 1. HP: 19/19 MP: 3/3
   234 | D:1      | Reached XP level 2. HP: 16/26 MP: 5/5
   921 | D:2      | Reached XP level 3. HP: 30/33 MP: 6/6
  1994 | D:3      | Found a shimmering blue altar of Sif Muna.
  2186 | D:3      | Reached XP level 4. HP: 40/40 MP: 7/7
  2309 | D:3      | Found a hazy altar of Hepliaklqana.
  2358 | D:3      | Found an iron altar of Okawaru.
  2488 | D:3      | Reached skill level 4 in Axes
  2488 | D:3      | Reached XP level 5. HP: 39/49 MP: 8/8
  2605 | D:3      | Found a faded altar of an unknown god.
  2670 | D:3      | Found a runed translucent door.
  2672 | D:3      | Noticed purpskrrrp's ghost (amateur DsFi)
  2811 | D:4      | Noticed an orc warrior
  2921 | D:4      | Found an opulent altar of Gozag.
  2921 | D:4      | Found a burning altar of Makhleb.
  2937 | D:4      | HP: 1/42 [wight/+5 spear of freezing (2)]
  2944 | D:4      | Slain by a wight

Illustrated notes

Levels and vault maps discovered:
D:1:      roderic_chinese_lattice_arrival, layout_basic
D:2:      layout_loops_ring, chequers_big_river, st_stairs_12,
          minmay_misc_feat_plants, chequers_serial_rivers_small_3
D:3:      layout_loops_cross, mainiacjoe_overflow_six_doors_small,
          nicolae_sif_muna_condensation, nicolae_hepliaklqana_hazy_memory,
          ebering_ghost_reflecting_pool,
          dreamdust_ecumenical_altar_drowned_temple, roderic_batcave,
          guppyfry_early_orc_mine
D:4:      layout_basic, nicolae_overflow_two_pavilions, cheibrodos_gnoll_hut

Skill      XL: |  1  2  3  4 |
---------------+-------------+-----
Dodging        | 2 |  2.9
Fighting       | 3 |  3.5
Axes           | 4 |  4.2
Spellcasting   | |  2.0
Conjurations   | |  3.0

Action                   |  1- 3 |  4- 6 || total
-------------------------+-------+-------++-------
Melee: Hand axe          |   115 |    60 ||   175
       Punch             |       |     1 ||     1
 Cast: Kiss of Death     |       |     1 ||     1
 Abil: Spit Poison       |    22 |     8 ||    30
Evoke: Wand              |       |     6 ||     6
  Use: Scroll            |     8 |     2 ||    10
       Potion            |       |     2 ||     2
Armor: Leather armour    |    39 |    74 ||   113
Dodge: Dodged            |    61 |    71 ||   132

Table legend: (Time is in decaauts)
 A = Elapsed time spent in this place.
 B = Non-inter-level travel time spent in this place.
 C = Inter-level travel time spent in this place.
 D = Time resting spent in this place.
 E = Time spent auto-exploring this place.
 F = Levels seen in this place.
 G = Mean time per level.
                   A        B        C        D        E       F      G
               +--------+--------+--------+--------+--------+-----+--------+
         Total |   3852 |   3745 |    107 |    202 |   2843 |   4 |  963.0 |
       Dungeon |   3852 |   3745 |    107 |    202 |   2843 |   4 |  963.0 |
               +--------+--------+--------+--------+--------+-----+--------+

Top non-repeatable levels by time:
     D:2: 1425 daAuts
     D:1: 1176 daAuts
     D:3: 1125 daAuts
     D:4: 125 daAuts
